 Dungeon Crawl Stone Soup version 0.31-a0-931-g7b59d4eb97 (webtiles) character file.

Game seed: 17879202916643652254

502 Maratek the Skirmisher (level 7, -2/42 HPs)
             Began as a Kobold Hunter on Oct 19, 2023.
             Slain by a water moccasin (3 damage)
             ... on level 5 of the Dungeon.
             The game lasted 00:04:52 (3789 turns).

Maratek the Skirmisher (Kobold Hunter)              Turns: 3789, Time: 00:04:53

Health: -2/42      AC:  6    Str:  8    XL:     7   Next: 40%
Magic:  7/7        EV: 16    Int: 10    God:
Gold:   198        SH:  0    Dex: 21    Spells: 6/6 levels left

rFire   . . .        a - +1 shortbow (heavy)
rCold   + + .        (shield currently unavailable)
rNeg    . . .        c - +0 leather armour
rPois   .            d - +0 helmet
rElec   .            (no cloak)
rCorr   .            (no gloves)
SInv    .            n - +1 pair of boots
Will    .....        (no amulet)
Stlth   +++          j - ring of protection from cold
HPRegen 0.27/turn    m - ring of protection from cold
MPRegen 0.10/turn

%: no passive effects
@: lethally poisoned (-2 -> -17)
A: small, no large weapons, nightstalker 3
a: no special abilities


You were on level 5 of the Dungeon.
You visited 1 branch of the dungeon, and saw 5 of its levels.

You collected 198 gold pieces.

Inventory:

Hand Weapons
 a - a +1 heavy shortbow (weapon)
Armour
 c - a +0 leather armour (worn)
 d - a +0 helmet (worn)
 n - a +1 pair of boots (worn)
Jewellery
 h - an amulet of faith
 j - a ring of protection from cold (left hand)
 m - a ring of protection from cold (right hand)
Wands
 p - a wand of polymorph (9)
Scrolls
 b - a scroll of butterflies
 e - a scroll of vulnerability {unknown}
 f - 4 scrolls of teleportation
 g - a scroll of identify
 k - a scroll of revelation
 o - a scroll of fog {unknown}
Potions
 i - a potion of heal wounds {unknown}
 l - a potion of curing {unknown}
 q - a potion of mutation {unknown}
 r - 2 potions of degeneration {unknown}


   Skills:
 + Level 3.6 Fighting
 + Level 8.7 Ranged Weapons
 + Level 2.3 Armour
 + Level 4.1 Dodging
 + Level 1.4 Stealth


You had 6 spell levels left.
You didn't know any spells.
Your spell library contained the following spells:

 Spells                   Type           Power      Damage    Failure   Level
 Lesser Beckoning         Tloc           0%         N/A       63%         2
 Gell's Gravitas          Tloc           0%         N/A       85%         3
 Teleport Other           Tloc           0%         N/A       85%         3


Dungeon Overview and Level Annotations

Branches:
Dungeon (5/15)
 Temple: D:4-7

Altars:
Ashenzari
Makhleb

Shops:
D:3 [   D:5 ?

Annotations:
D:1 1 transporter


Innate Abilities, Weirdness & Mutations

You are small and have problems with some larger weapons.
You are completely attuned to the shadows.


Message History

f - 4 scrolls of teleportation (gained 1)
Found Ockim's Magic Scroll Boutique.
Found an escape hatch in the ceiling.
There is an entrance to Ockim's Magic Scroll Boutique here.
A two-headed ogre comes into view.
It is wielding a +0 giant spiked club and a +0 giant club.
You shoot an arrow. The arrow hits the two-headed ogre.
The two-headed ogre shouts in stereo!
The two-headed ogre is lightly wounded.
A water moccasin comes into view.
You shoot an arrow. The water moccasin hisses angrily.
The arrow hits the two-headed ogre!!
The two-headed ogre is heavily wounded.
You shoot an arrow. The arrow hits the two-headed ogre!
The two-headed ogre is severely wounded.
The water moccasin bites you.
You are poisoned.
The water moccasin poisons you! The two-headed ogre barely misses you.
The two-headed ogre hits you with a +0 giant club!
The water moccasin bites you but does no damage.
You are too injured to fight recklessly!
You are too injured to fight recklessly!
You are too injured to fight recklessly!
You feel very sick.
The water moccasin attacks as it pursues you!
The water moccasin bites you but does no damage.
A two-headed ogre opens the door.
You feel sick. The water moccasin bites you.
* * * LOW HITPOINT WARNING * * *
You are lethally poisoned!
The water moccasin poisons you!
* * * LOW HITPOINT WARNING * * *
You feel very sick.
The water moccasin attacks as it pursues you!
The water moccasin closely misses you.
There is an escape hatch in the ceiling here.
* * * LOW HITPOINT WARNING * * *
You feel very sick. The water moccasin bites you.
You die...

........ .......
...... .....#
###########'.##
####..#.......O8.#
......#.........S###
......#......8.∩@8.#
......#............#
'###'##........8.....
..#.....######..#....
..#.....+ ...#....
..#.....# ..#
..#.....# ..#.....#
#.#


You could see a two-headed ogre and a water moccasin.

Vanquished Creatures
  A centaur (D:5)
  A howler monkey (D:5)
  A sleepcap (D:4)
  4 iguanas (D:5)
  Natasha (D:4)
  An orc wizard (D:4)
  Robin (D:4)
  8 adders
  A gnoll (D:1)
  2 ufetubi (D:5)
  3 dart slugs
  9 orcs
  3 bats
  8 endoplasms
  2 giant cockroaches
  11 goblins
  8 hobgoblins
  7 kobolds
  5 quokkas (D:3)
  5 ball pythons
  12 frilled lizards
  3 rats
97 creatures vanquished.

Notes
Turn   | Place    | Note
-------+----------+-------------------------------------------
     0 | D:1      | Maratek the Kobold Hunter began the quest for the Orb.
     0 | D:1      | Reached XP level 1. HP: 12/12 MP: 1/1
   138 | D:1      | You fall into a shaft and drop 1 floor!
   155 | D:2      | Reached XP level 2. HP: 18/18 MP: 2/2
   169 | D:2      | Reached skill level 6 in Ranged Weapons
   169 | D:2      | Reached XP level 3. HP: 22/22 MP: 3/3
   436 | D:2      | Found a faded altar of an unknown god.
  1243 | D:1      | Reached XP level 4. HP: 27/27 MP: 4/4
  1949 | D:3      | Found Amuhao's Armour Shop.
  2025 | D:3      | Reached skill level 7 in Ranged Weapons
  2194 | D:3      | Found a burning altar of Makhleb.
  2260 | D:3      | Reached XP level 5. HP: 31/31 MP: 5/5
  2475 | D:4      | Reached skill level 1 in Armour
  2728 | D:4      | Noticed Robin
  2733 | D:4      | Killed Robin
  2847 | D:4      | Noticed Natasha
  2851 | D:4      | Killed Natasha
  2852 | D:4      | Reached XP level 6. HP: 25/37 MP: 6/6
  3234 | D:5      | Entered Level 5 of the Dungeon
  3265 | D:5      | Reached skill level 8 in Ranged Weapons
  3349 | D:5      | Reached XP level 7. HP: 33/41 MP: 7/7
  3639 | D:5      | Found a broken altar of Ashenzari.
  3775 | D:5      | Found Ockim's Magic Scroll Boutique.
  3782 | D:5      | Noticed a two-headed ogre
  3783 | D:5      | Noticed a water moccasin
  3789 | D:5      | HP: 1/42 [poisoned by a water moccasin]
  3789 | D:5      | Slain by a water moccasin

Illustrated notes

Levels and vault maps discovered:
D:1:      spicycebolla_arrival_risky_transporter, layout_basic,
          skrybe_limestone_x, nicolae_grassy_gnolls
D:2:      layout_loops_cross, dreamdust_ecumenical_altar_grove,
          dk_noncrumbling_4, dreamdust_princess_corridor,
          kennysheep_decorative_pillar
D:3:      layout_rooms, bloody_makhleb, serial_shops, nicolae_shop_stone,
          serial_curves, eino_curves_02, eino_curves_01
D:4:      layout_rooms, kennysheep_crisscross, uniq_robin, uniq_natasha
D:5:      layout_gridville, nicolae_ashenzari_panopticon, serial_shops,
          nicolae_shop_statue_plus, grunt_decor_junction, minmay_lizard_king

Skill      XL: |  1  2  3  4  5  6  7 |
---------------+----------------------+-----
Ranged Weapons | 6 7 8 |  8.7
Dodging        | 3 4 |  4.1
Armour         | 1 2 |  2.3
Fighting       | 3 |  3.6
Stealth        | |  1.4

Action                     |  1- 3 |  4- 6 |  7- 9 || total
---------------------------+-------+-------+-------++-------
   Fire: Shortbow          |    53 |   143 |    31 ||   227
    Use: Scroll            |       |    10 |       ||    10
 Armour: Leather armour    |     5 |    59 |    14 ||    78
  Dodge: Dodged            |    12 |    85 |     6 ||   103

Table legend: (Time is in decaauts)
 A = Elapsed time spent in this place.
 B = Non-inter-level travel time spent in this place.
 C = Inter-level travel time spent in this place.
 D = Time resting spent in this place.
 E = Time spent auto-exploring this place.
 F = Levels seen in this place.
 G = Mean time per level.
                   A        B        C        D        E       F      G
               +--------+--------+--------+--------+--------+-----+--------+
         Total |   3872 |   3777 |     95 |      0 |   3281 |   5 |  774.4 |
       Dungeon |   3872 |   3777 |     95 |      0 |   3281 |   5 |  774.4 |
               +--------+--------+--------+--------+--------+-----+--------+

Top non-repeatable levels by time:
     D:1: 984 daAuts
     D:2: 838 daAuts
     D:4: 811 daAuts
     D:3: 657 daAuts
     D:5: 581 daAuts
